 Dungeon Sprint DCSS version 0.25-a0-265-g7af84ae0ac (webtiles) character file.

Game seed: 2716962594476318075, levelgen mode: deterministic

11 Nierin the Insei (level 2, -2/19 HPs)
             Began as an Octopode Transmuter on Dec 7, 2019.
             Slain by a centaur (6 damage)
             ... in the Dungeon (Sprint IX: "|||||||||||||||||||||||||||||").
             The game lasted 00:00:45 (29 turns).

Nierin the Insei (Octopode Transmuter)                Turns: 29, Time: 00:00:46

Health: -2/19      AC:  1    Str:  9    XL:     2   Next: 29%
Magic:  2/5        EV: 14    Int: 15    God:
Gold:   0          SH:  0    Dex: 12    Spells: 5/6 levels left

rFire    . . .     SeeInvis .     - Unarmed
rCold    . . .     Gourm    .   (no shield)
rNeg     . . .     Faith    .   (helmet restricted)
rPois    .         Spirit   .   (no amulet)
rElec    .         Reflect  .   (no ring)
rCorr    .         Harm     .   (no ring)
MR       .....     NoTele   +   (no ring)
Stlth    ++........             (no ring)
HPRegen  0.06/turn              (no ring)
MPRegen  0.09/turn              (no ring)
                                (no ring)
                                (no ring)

@: appendage
A: almost no armour, stealthy swim, amphibious, 8 rings, constrict 8, tentacle
spike 3, camouflage 1, gelatinous body 1
a: End Transformation


You were in the Dungeon.
You were not hungry.
One of your tentacles had a temporary spike.
You visited 1 branch

Inventory:

Missiles
 a - 12 arrows
Scrolls
 i - a scroll of blinking
Potions
 d - a potion of curing
 e - a potion of heal wounds
 f - a potion of haste
 g - 2 potions of magic
 h - a potion of berserk rage
Comestibles
 c - a ration


   Skills:
 + Level 2.1 Fighting
 + Level 2.7 Dodging
 + Level 3.5 Unarmed Combat
 + Level 2.6 Spellcasting
 + Level 2.7 Transmutations


You had 5 spell levels left.
You knew the following spells:

 Your Spells              Type           Power        Failure   Level  Hunger
a - Beastly Appendage     Tmut           ##....       7%          1    #......

Your spell library contained the following spells:

 Spells                   Type           Power        Failure   Level  Hunger
 Sticks to Snakes         Tmut           ##......     10%         2    ##.....
 Spider Form              Tmut/Pois      #.........   34%         3    ###....
 Ice Form                 Ice/Tmut       #.......     75%         4    #####..
 Blade Hands              Tmut           ##........   88%         5    ######.


Dungeon Overview and Level Annotations

Branches:
Dungeon (1/1)

Altars:


Innate Abilities, Weirdness & Mutations

You cannot wear most types of armour.
You are very stealthy in the water. (Stealth+)
You are amphibious.
You can wear up to eight rings at the same time.
You can use your tentacles to constrict eight enemies at once.
Your skin changes colour to match your surroundings (Stealth+).
Your rubbery body absorbs attacks. (AC +1, EV +1)
One of your tentacles bears a large vicious spike.


Message History

You pierce the shadow imp, but do no damage.
Your squeeze misses the shadow imp.
The shadow imp is severely wounded.
You constrict the shadow imp, but do no damage.
The shadow imp barely misses you.
You tentacle-slap the shadow imp.
The shadow imp is almost dead.
You constrict the shadow imp, but do no damage.
The shadow imp hits you.
* * * LOW HITPOINT WARNING * * *
You tentacle-slap the shadow imp but do no damage.
The shadow imp is almost dead.
You constrict the shadow imp.
The frilled lizard unfolds its giant frill.
You tentacle-slap the shadow imp.
You kill the shadow imp!
Your Fighting skill increases to level 2!
You have reached level 2!
The centaur hits you.
You die...

▓+▓
▓.▓
▓l▓
▓Y▓
▓O▓
▓.▓
▓c▓
▓@▓
▓.▓
▓.▓
▓.▓
▓†▓
▓'▓
▓.▓
▓.▓
▓.▓


You could see an ice beast, an ogre, a centaur and a frilled lizard.

Vanquished Creatures
  A shadow imp (D)
  A hobgoblin (D)
  4 rats (D)
6 creatures vanquished.

Notes
Turn   | Place    | Note
-------+----------+-------------------------------------------
     0 | D        | Nierin the Octopode Transmuter began the quest for the Orb.
     0 | D        | Reached XP level 1. HP: 13/13 MP: 3/3
    22 | D        | Noticed an ice beast
    22 | D        | Noticed an ogre
    22 | D        | Noticed a centaur
    29 | D        | Reached XP level 2. HP: 4/19 MP: 2/5
    29 | D        | Slain by a centaur

Levels and vault maps discovered:
D:        linesprint [early_d, line_temple, items_1, d_10, items_2, lair_1,
          lair_end, items_3, orc_1, orc_end, items_4, d_15, swamp_1, shoals_1,
          snake_1, spider_1, d_20, vaults_1, items_5, swamp_end, shoals_end,
          snake_end, spider_end, vaults_end, d_27, items_6, zot_1, zot_end,
          crypt_end, forest_end, elf_end, slime_end, tomb_end, abyss_end,
          pan_hell_end]

Skill      XL: |  1 |
---------------+----+-----
Fighting       | 2 |  2.1
Dodging        | |  2.7
Unarmed Combat | |  3.5
Spellcasting   | |  2.6
Transmutations | |  2.7

Action                   || total
-------------------------++-------
Melee: Unarmed           ||    18
       Constrict         ||     4
       Kick              ||     1
       Punch             ||     1
       Tentacles         ||     1
 Cast: Beastly Appendage ||     1
Dodge: Dodged            ||     7

Table legend:
 A = Non-vault XP
 B = Vault XP
 C = Vault XP percentage of total XP
 D = Non-vault monster count
 E = Vault monster count
 F = Vault count percentage of total count
                 A         B        C        D         E       F
            +---------+---------+-------+---------+---------+-------
      Total |       0 |      17 | 100.0 |       0 |       6 | 100.0
            +---------+---------+-------+---------+---------+-------
          D |       0 |      17 | 100.0 |       0 |       6 | 100.0
            +---------+---------+-------+---------+---------+-------
